 Dungeon Crawl Stone Soup version 0.24.0-28-g17ded55e90 (webtiles) character file.

Game seed: 16819482587151271882, levelgen mode: deterministic

23 Nattfarinn the Sneak (level 3, -2/19 HPs)
             Began as a Kobold Enchanter on Nov 13, 2019.
             Slain by a leopard gecko (3 damage)
             ... on level 1 of the Dungeon.
             The game lasted 00:03:27 (1352 turns).

Nattfarinn the Sneak (Kobold Enchanter)             Turns: 1352, Time: 00:03:28

Health: -2/19      AC:  2    Str:  5    XL:     3   Next: 12%
Magic:  1/6        EV: 15    Int: 17    God:
Gold:   41         SH:  0    Dex: 15    Spells: 4/7 levels left

rFire    . . .     SeeInvis .   a - +1 dagger
rCold    . . .     Gourm    .   (shield restricted)
rNeg     . . .     Faith    .   b - +0 robe
rPois    .         Spirit   .   (no helmet)
rElec    .         Reflect  .   (no cloak)
rCorr    .         Harm     .   (no gloves)
MR       .....                  (no boots)
Stlth    +++.......             (no amulet)
HPRegen  0.06/turn              (no ring)
MPRegen  0.10/turn              (no ring)

@: no status effects
A: small, carnivore
a: no special abilities


You were on level 1 of the Dungeon.
You were full.

You visited 1 branch of the dungeon, and saw 1 of its levels.

You collected 41 gold pieces.

Inventory:

Hand Weapons
 a - a +1 dagger (weapon)
Armour
 b - a +0 robe (worn)
Scrolls
 e - a scroll of identify {unknown}
 f - 2 scrolls of immolation {unknown}
 g - 2 scrolls of fear {unknown}
 h - a scroll of remove curse {unknown}
Potions
 c - 2 potions of curing {unknown}
 i - a potion of degeneration {unknown}
 j - a potion of haste {unknown}
Comestibles
 d - 4 rations


   Skills:
 - Level 1.3 Short Blades
 - Level 2.4 Dodging
 + Level 4.4 Stealth
 + Level 2.5 Spellcasting
 * Level 3.6 Hexes


You had 4 spell levels left.
You knew the following spells:

 Your Spells              Type           Power        Failure   Level  Hunger
a - Corona                Hex            ##.....      4%          1    #......
b - Ensorcelled Hibernat  Hex/Ice        #.....       13%         2    ##.....

Your spell library contained the following spells:

 Spells                   Type           Power        Failure   Level  Hunger
 Confuse                  Hex            ##......     12%         3    ###....
 Tukima's Dance           Hex            ##......     12%         3    ###....
 Dazzling Spray           Conj/Hex       #.....       26%         3    ###....


Dungeon Overview and Level Annotations

Branches:
Dungeon (1/15)

Altars:


Innate Abilities, Weirdness & Mutations

You are small and have problems with some larger weapons.
You are carnivorous and can eat meat at any time.


Message History

The leopard gecko is outlined in light.
The leopard gecko closely misses you.
The leopard gecko completely misses you.
You barely miss the leopard gecko.
The leopard gecko completely misses you.
You barely miss the leopard gecko. The leopard gecko barely misses you.
You barely miss the leopard gecko. The leopard gecko barely misses you.
You barely miss the leopard gecko. The leopard gecko barely misses you.
You closely miss the leopard gecko. The leopard gecko closely misses you.
You hit the leopard gecko.
The leopard gecko is moderately wounded.
The leopard gecko misses you. The leopard gecko bites you.
* * * LOW HITPOINT WARNING * * *
You hit the leopard gecko but do no damage.
The leopard gecko is moderately wounded.
The leopard gecko bites you.
* * * LOW HITPOINT WARNING * * *
You hit the leopard gecko.
The leopard gecko is severely wounded.
The leopard gecko bites you.
You die...

#########
##...#...##
##.).......##
#.(.........#
#...........#
#$......@l..#
#.........##
##...#...##
##...#####
#...##
###...#
#....## ####
##..##.# ..#
#..##..#


You could see a leopard gecko.

Vanquished Creatures
  A giant cockroach (D:1)
  A goblin (D:1)
  5 hobgoblins (D:1)
  3 kobolds (D:1)
  A ball python (D:1)
  5 bats (D:1)
  2 frilled lizards (D:1)
  7 rats (D:1)
25 creatures vanquished.

Notes
Turn   | Place    | Note
-------+----------+-------------------------------------------
     0 | D:1      | Nattfarinn the Kobold Enchanter began the quest for the
                  | Orb.
     0 | D:1      | Reached XP level 1. HP: 10/10 MP: 3/3
   106 | D:1      | Reached XP level 2. HP: 15/15 MP: 5/5
   543 | D:1      | Learned a level 2 spell: Ensorcelled Hibernation
   750 | D:1      | Reached XP level 3. HP: 2/19 MP: 0/6
  1352 | D:1      | Slain by a leopard gecko

Levels and vault maps discovered:
D:1:      shiori_arrival_oz, layout_rooms

Action                   || total
-------------------------++-------
Melee: Dagger            ||   103
 Cast: Corona            ||     9
       Ensorcelled Hiber ||     8
 Stab: Sleeping          ||     8
  Eat: Chunk             ||     8
Armor: Robe              ||    17
Dodge: Dodged            ||    95
